 Dungeon Crawl Stone Soup version 0.27.0-1-g7a089689b8 (webtiles) character file.

Game seed: 11381696136323762998

573 ara8ara the Cudgeller (level 7, 0/58 HPs)
             Began as a Demonspawn Chaos Knight on Aug 12, 2021.
             Was a Plaything of Xom.
             Slain by a gnoll (1 damage)
             ... on level 4 of the Dungeon.
             The game lasted 00:22:53 (4157 turns).

ara8ara the Cudgeller (Demonspawn Chaos Knight)     Turns: 4157, Time: 00:22:54

Health: 0/58       AC:  7    Str: 15      XL:     7   Next: 12%
Magic:  7/7        EV:  7    Int: 13      God:    Xom [...*..]
Gold:   95         SH: 16    Dex: 13 (14) Spells: 6/6 levels left

rFire    . . .     SeeInvis .   a - +0 mace (chaos)
rCold    . . .     Faith    .   h - +0 tower shield
rNeg     . . .     Spirit   .   b - +2 leather armour
rPois    .         Reflect  .   (helmet restricted)
rElec    .         Harm     .   (no cloak)
rCorr    .         Rampage  .   (no gloves)
Will     .....                  (no boots)
Stlth    +.........             (no amulet)
HPRegen  0.19/turn              (no ring)
MPRegen  0.10/turn              (no ring)

@: no status effects
A: horns 1, thin metallic scales 1, large bone plates 1, agile 1, robust 1
a: Renounce Religion


You were on level 4 of the Dungeon.
You worshipped Xom.
You were a favourite toy of Xom.
You visited 1 branch of the dungeon, and saw 4 of its levels.

You collected 117 gold pieces.
You spent 22 gold pieces at shops.

Inventory:

Hand Weapons
 a - a +0 mace of chaos (weapon)
 n - a +3 hunting sling of chaos
 q - a +0 whip
 s - a +1 falchion of electrocution
Missiles
 c - 3 throwing nets (quivered)
Armour
 b - a +2 leather armour (worn)
 h - a +0 tower shield (worn)
 l - a +0 scale mail
 m - a +0 helmet
Scrolls
 d - a scroll of identify
 e - a scroll of noise {unknown}
 f - a scroll of acquirement {unknown}
 g - a scroll of enchant armour {unknown}
 i - a scroll of magic mapping {unknown}
 j - a scroll of torment {unknown}
 p - a scroll of amnesia {unknown}
 t - a scroll of enchant weapon {unknown}
Potions
 k - a potion of ambrosia
 o - a potion of mutation {unknown}
 r - a potion of curing {unknown}


   Skills:
 + Level 3.9 Fighting
 + Level 4.8 Maces & Flails
 + Level 2.9 Armour
 + Level 2.5 Dodging
 + Level 1.3 Stealth
 + Level 3.1 Shields


You had 6 spell levels left.
You didn't know any spells.
Your spell library contained the following spells:

 Spells                   Type           Power      Damage    Failure   Level
 Animate Skeleton         Necr           0%         N/A       100%        1
 Apportation              Tloc           0%         N/A       100%        1
 Beastly Appendage        Tmut           0%         N/A       100%        1
 Corona                   Hex            0%         N/A       100%        1
 Summon Small Mammal      Summ           0%         N/A       100%        1
 Wereblood                Tmut           0%         N/A       100%        2
 Spider Form              Tmut/Pois      0%         N/A       100%        3


Dungeon Overview and Level Annotations

Branches:
Dungeon (4/15)             Temple (0/1) D:4

Altars:
Kikubaaqudgha

Shops:
D:1 ?   D:4 :[*


Innate Abilities, Weirdness & Mutations

You have a pair of small horns on your head.
You are partially covered in thin metallic scales. (AC +2)
You are partially covered in large bone plates. (SH +4)
You are agile. (Dex +2)
You are robust. (+10% HP)


Message History

You block the adder's attack.
You hit the adder. You burn the adder.
The adder is moderately wounded.
You block the adder's attack. x2
You hit the adder.
The adder is severely wounded.
The adder bites you. You block the adder's attack.
You hit the adder. You freeze the adder.
You kill the adder!
You see here an adder corpse.
A gnoll is nearby!
A gnoll comes into view. It is wielding a +0 spear.
You see here an adder corpse.
The gnoll throws a throwing net.
You block the throwing net.
You see here a throwing net.
c - 3 throwing nets (gained 1) Xom's generous nature manifests itself.
Something appears at your feet!
t - a scroll labelled EDWOXY YVYG {god gift} You block the gnoll's attack.
You block the gnoll's attack. x2
You closely miss the gnoll. The gnoll barely misses you.
You block the gnoll's attack.
The gnoll hits you from afar with a +0 halberd of freezing!
The gnoll freezes you.
* * * LOW HITPOINT WARNING * * *
You hit the gnoll. Lightning courses through the gnoll!
The gnoll is almost dead.
You block the gnoll's attack. x3
You hit the gnoll.
You kill the gnoll!
The gnoll hits you from afar with a +0 halberd of freezing.
* * * LOW HITPOINT WARNING * * *
The gnoll freezes you.
* * * LOW HITPOINT WARNING * * *
The gnoll hits you from afar with a +0 halberd of freezing!
* * * LOW HITPOINT WARNING * * *
Xom roars with laughter!
The gnoll freezes you.
You die...

.........
....... #
..... #. ...
#.## #.##
#..) #..#
###) ##g# #.
##+ #)# #÷
#⌠.⌠######@#
#.
#.>.#....#.#
#.
#⌠.⌠####.#.##
#. ##+ #....#
## ###).#
###..########
#...........#
###..######.#
#..# #.# #


You could see a gnoll.

Vanquished Creatures
  A phantom (D:3)
  3 scorpions
  A jelly (D:4)
  2 orc priests (D:4)
  A centaur skeleton (D:4)
  An iguana (D:4)
  Robin (D:2)
  2 gnolls (D:4)
  9 adders
  A dart slug (D:2)
  3 orcs (D:4)
  4 bats
  2 endoplasms
  A giant cockroach (D:2)
  15 goblins
  6 hobgoblins
  5 jackals
  3 quokkas
  8 ball pythons
  6 kobolds
  9 rats
84 creatures vanquished.

Vanquished Creatures (others)
  A human (D:3)
  7 plants
8 creatures vanquished.

Grand Total: 92 creatures vanquished

Notes
Turn   | Place    | Note
-------+----------+-------------------------------------------
     0 | D:1      | ara8ara the Demonspawn Chaos Knight began the quest for the
                  | Orb.
     0 | D:1      | Reached XP level 1. HP: 18/18 MP: 1/1
   196 | D:1      | Found Javoi's Magic Scroll Shoppe.
   209 | D:1      | Reached skill level 3 in Maces & Flails
   236 | D:1      | XOM: silly message
   239 | D:1      | Gained mutation: You are partially covered in thin metallic
                  | scales. (AC +2) [demonic ancestry]
   239 | D:1      | Reached XP level 2. HP: 23/24 MP: 2/2
   430 | D:1      | XOM: silly message
   454 | D:1      | Bought a scroll of identify for 22 gold pieces
   532 | D:2      | XOM: silly message
   603 | D:2      | Reached skill level 1 in Dodging
   603 | D:2      | Reached XP level 3. HP: 22/29 MP: 3/3
   882 | D:2      | Found a faded altar of an unknown god.
  1072 | D:2      | Reached XP level 4. HP: 35/35 MP: 4/4
  1158 | D:2      | XOM: potion effect (brilliance)
  1350 | D:2      | Noticed Robin
  1376 | D:2      | Killed Robin
  1384 | D:2      | Reached skill level 1 in Shields
  1945 | D:2      | XOM: give mutations
  1945 | D:2      | Gained mutation: You are partially covered in large bone
                  | plates. (SH +4) [Xom's grace]
  1945 | D:2      | Gained mutation: You are agile. (Dex +2) [Xom's grace]
  1945 | D:2      | Gained mutation: You are robust. (+10% HP) [Xom's grace]
  2099 | D:2      | XOM: silly message
  2191 | D:2      | Reached skill level 4 in Maces & Flails
  2385 | D:3      | XOM: chaos upgrade
  2416 | D:3      | Noticed a phantom
  2421 | D:3      | XOM: scenery: summon butterflies
  2425 | D:3      | XOM: potion effect (invisibility)
  2429 | D:3      | XOM: cast spell 'Statue Form'
  2434 | D:3      | Killed a phantom
  2435 | D:3      | Gained mutation: You have a pair of small horns on your
                  | head. [demonic ancestry]
  2435 | D:3      | Reached XP level 5. HP: 38/45 MP: 5/5
  2633 | D:3      | Reached skill level 1 in Stealth
  2633 | D:3      | Reached XP level 6. HP: 33/51 MP: 6/6
  2910 | D:3      | XOM: 2-stop teleportation journey
  3242 | D:3      | Found an ancient bone altar of Kikubaaqudgha.
  3245 | D:3      | Noticed a human
  3247 | D:3      | Killed a human
  3333 | D:4      | XOM: cast spell 'Dispersal'
  3335 | D:4      | XOM: silly message
  3503 | D:4      | XOM: noise
  3579 | D:4      | Found Ysaplec's Assorted Antiques.
  3588 | D:4      | Found Gahepsen's Armour Shop.
  3628 | D:4      | XOM: summons 3 hostile demons
  3736 | D:4      | Found Deezick's Book Shoppe.
  3811 | D:4      | Reached XP level 7. HP: 44/58 MP: 7/7
  3825 | D:4      | XOM: summons 3 hostile shadow creatures
  3850 | D:4      | XOM: summons 4 hostile demons
  4118 | D:4      | Found a staircase to the Ecumenical Temple.
  4148 | D:4      | XOM: god gift: scroll labelled EDWOXY YVYG {god gift}
  4157 | D:4      | HP: 1/58 [gnoll (9)]
  4157 | D:4      | Slain by a gnoll

Illustrated notes

Levels and vault maps discovered:
D:1:      dpeg_arrival_tiny_j, layout_rooms, serial_shops, nicolae_shop_stone
D:2:      layout_basic, basic_ecumenical_altar, serial_forest,
          infiniplex_forest_clump_curved, infiniplex_forest_lined_room_2,
          infiniplex_forest_straight_2, infiniplex_forest_lined_1,
          infiniplex_forest_split, infiniplex_forest_straight_3,
          infiniplex_forest_end_2, minmay_goblin_outpost, uniq_robin
D:3:      layout_loops_cross, tgw_kikubaaqudgha
D:4:      layout_loops_ring, temple_doors_e, serial_shops, shop_statue,
          nicolae_shop_crystal, nicolae_shop_overgrown_old_shop,
          nicolae_square_shop, kennysheep_mini_moat

Skill      XL: |  1  2  3  4  5  6 |
---------------+-------------------+-----
Armour         | 2 |  2.9
Maces & Flails | 3 4 |  4.8
Dodging        | 1 2 |  2.5
Shields        | 1 2 3 |  3.1
Stealth        | 1 |  1.3
Fighting       | |  3.9

Action                   |  1- 3 |  4- 6 |  7- 9 || total
-------------------------+-------+-------+-------++-------
Melee: Mace              |    84 |   185 |    45 ||   314
       Headbutt          |       |    14 |     6 ||    20
  Use: Scroll            |       |     1 |       ||     1
 Stab: Invisible         |       |     2 |       ||     2
       Sleeping          |       |     1 |       ||     1
Armor: Leather armour    |    39 |    88 |    12 ||   139
       Skin              |       |     3 |       ||     3
Dodge: Dodged            |    36 |    58 |    15 ||   109
Block: Tower shield      |    42 |   195 |    48 ||   285
